 Dungeon Crawl Stone Soup version 0.19-a0-1792-g28b16ba (webtiles) character file.

126 TheGoonsmith the Cudgeler (level 4, -4/35 HPs)
             Began as a Demonspawn Gladiator on Oct 4, 2016.
             Slain by an orc warrior
             ... wielding a +0 morningstar
              (15 damage)
             ... on level 2 of the Dungeon.
             The game lasted 00:03:28 (1990 turns).

TheGoonsmith the Cudgeler (Demonspawn Gladiator)    Turns: 1990, Time: 00:03:29

Health: -4/35      AC:  7    Str: 16    XL:     4   Next: 83%
Magic:  4/4        EV: 11    Int: 10    God:
Gold:   57         SH:  4    Dex: 13    Spells: 0 memorised, 3 levels left

rFire  . . .     SeeInvis .     a - +0 flail
rCold  . . .     Gourm    .     g - +0 ring mail
rNeg   . . .     Faith    .     (no shield)
rPois  .         Spirit   .     c - +0 helmet
rElec  .         Dismiss  .     i - +0 cloak
rCorr  .         Reflect  +     (no gloves)
MR     .....     Harm     .     (no boots)
Stlth  ..........               s - +4 amulet of reflection
                                (no ring)
                                (no ring)

@: no status effects
A: hooves 1
a: no special abilities


You were on level 2 of the Dungeon.
You were hungry.

You visited 1 branch of the dungeon, and saw 3 of its levels.

You collected 57 gold pieces.

Inventory:

Hand Weapons
 a - a +0 flail (weapon)
Missiles
 d - a throwing net (quivered)
Armour
 b - a +0 leather armour
 c - a +0 helmet (worn)
 g - a +0 ring mail (worn)
 i - a +0 cloak (worn)
Jewellery
 s - a +4 amulet of reflection (around neck)
Scrolls
 k - a scroll of teleportation {unknown}
 o - a scroll of fog {unknown}
 r - a scroll of recharging {unknown}
Potions
 e - a potion of curing {unknown}
 j - a potion of flight {unknown}
 l - a potion of mutation {unknown}
 m - 2 potions of ambrosia {unknown}
 n - a potion of lignification {unknown}
 p - 2 potions of haste {unknown}
Comestibles
 f - 3 bread rations
 h - 9 fruits
 q - a meat ration


   Skills:
 + Level 3.4 Fighting
 * Level 4.3 Maces & Flails
 - Level 1.7 Throwing
 - Level 2.6 Dodging


You had 3 spell levels left.
You didn't know any spells.

Dungeon Overview and Level Annotations

Branches:
Dungeon (3/15)

Altars:

Annotations:
D:2 1 exclusion


Innate Abilities, Weirdness & Mutations

You have large cloven feet.


Message History

The orc warrior is lightly wounded.
The orc warrior struggles against the net.
You hit the orc warrior but do no damage.
You kick the orc warrior, but do no damage.
The orc warrior is lightly wounded.
The orc warrior struggles against the net.
You hit the orc warrior.
You kick the orc warrior, but do no damage.
The orc warrior is moderately wounded.
The orc warrior struggles against the net.
You hit the orc warrior but do no damage.
You kick the orc warrior, but do no damage.
The orc warrior is moderately wounded.
The orc warrior struggles against the net. x2
The net rips apart, and the orc warrior comes free!
You closely miss the orc warrior.
You kick the orc warrior, but do no damage.
The orc warrior is moderately wounded.
The orc warrior hits you with a morningstar!
You die...

.....#....#................#
.....#....#........#.#.#.#.#
.....'....#................#
.....#....#........#.#.#.#.# ####
.....#....#................# #...
.....#.................#..## #...
.....##..................## #..#
÷..............o.......#######..#
###.............@.........(.....#
#....................#######..#
#..........................#..#
###............÷..).########.#...
....................##.....#.#...
#######.##..........#........#.##
..(<..[.##.................###...
....##[.##...........####..# ####
........###..##.#.#..# #..###.#


You could see an orc warrior.

Vanquished Creatures
  Crazy Yiuf (D:2)
  4 adders (D:2)
  An ooze (D:1)
  2 worms (D:2)
  A dart slug (D:1)
  2 leopard geckos
  An orc (D:3)
  8 bats
  2 giant cockroaches (D:2)
  5 goblins
  7 hobgoblins
  A quokka (D:2)
  A ball python (D:2)
  3 frilled lizards
  2 kobolds (D:2)
  9 rats
  A fungus (D:2)
51 creatures vanquished.

Notes
Turn   | Place    | Note
-------+----------+-------------------------------------------
     0 | D:1      | TheGoonsmith the Demonspawn Gladiator began the quest for the Orb.
     0 | D:1      | Reached XP level 1. HP: 16/16 MP: 1/1
   189 | D:1      | Gained mutation: You have large cloven feet. [demonic ancestry]
   189 | D:1      | Reached XP level 2. HP: 22/23 MP: 2/2
   190 | D:1      | Reached skill level 3 in Maces & Flails
   625 | D:2      | Reached XP level 3. HP: 26/28 MP: 3/3
  1154 | D:2      | Reached XP level 4. HP: 35/35 MP: 4/4
  1186 | D:2      | Reached skill level 4 in Maces & Flails
  1876 | D:2      | Found a runed door.
  1880 | D:2      | Noticed Crazy Yiuf
  1891 | D:2      | Killed Crazy Yiuf
  1962 | D:3      | Noticed an orc warrior
  1990 | D:2      | Slain by an orc warrior

Vault maps used:
D:1:      enne_arrival_octagon_isle, hangedman_decor_peaks_small
D:2:      serial_glass, glass_columns_c, glass_columns_a, item_on_display_a,
          due_unseen_surprise, feat_on_display, kennysheep_potato,
          uniq_crazy_yiuf_cottage
D:3:      kennysheep_small_spiral, fedhas_altar_2

Skill      XL: |  1  2  3  4 |
---------------+-------------+-----
Maces & Flails | 3 4 |  4.3
Fighting       | 3 |  3.4
Throwing       | |  1.7
Dodging        | |  2.6

Action                   |  1- 3 |  4- 6 || total
-------------------------+-------+-------++-------
Melee: Flail             |   119 |    85 ||   204
       Kick              |    21 |    27 ||    48
Throw: Throwing net      |       |     2 ||     2
 Stab: Held in net/web   |       |     2 ||     2
  Eat: Chunk             |     1 |     2 ||     3
Armor: Ring mail         |    61 |    26 ||    87
Dodge: Dodged            |   105 |    33 ||   138
Block: Other             |       |     7 ||     7
